 Dungeon Sprint DCSS version 0.21-a0-59-g7b0e191 (webtiles) character file.

10500000 Kidiri the Conqueror (level 27, -2/321 (323) HPs)
             Began as a Troll Gladiator on June 16, 2017.
             Was the Champion of Makhleb.
             Killed by divine providence
             ... invoked by an accursed
              (12 damage)
             ... in the Dungeon (Sprint VIII: "Arena of Blood").
             The game lasted 00:04:54 (105 turns).

Kidiri the Conqueror (Troll Gladiator)               Turns: 105, Time: 00:04:56

HP:   -2/321 (323)  AC:  7    Str: 30    XL:     27
MP:   39/53         EV: 32    Int:  5    God:    Makhleb [******]
Gold: 0             SH:  0    Dex: 19    Spells: 80/80 levels left

rFire    . . .     SeeInvis .   a - +∞ Axe of Woe
rCold    . . .     Gourm    +   (shield currently unavailable)
rNeg     . . .     Faith    .   b - +0 robe
rPois    .         Spirit   .   c - +0 hat
rElec    .         Reflect  .   (no cloak)
rCorr    .         Harm     .   (gloves unavailable)
MR       ++...     NoTele   +   (boots unavailable)
Stlth    +++++++++.             (no amulet)
HPRegen  1.03/turn              (no ring)
MPRegen  0.33/turn              (no ring)

@: marked, very slightly contaminated
A: unfitting armour, claws 3, fast metabolism 3, gourmand, regeneration 1,
shaggy fur 1, tough skin 2
a: Minor Destruction, Lesser Servant of Makhleb, Major Destruction, Greater
Servant of Makhleb, Renounce Religion


You were in the Dungeon.
You worshipped Makhleb.
Makhleb was exalted by your worship.
You were not hungry.

You visited 1 branch

Inventory:

Hand Weapons
 a - the +∞ Axe of Woe (weapon)
   (You found it in the Dungeon)
Missiles
 d - 3 throwing nets (quivered)
Armour
 b - a +0 robe (worn)
 c - a +0 hat (worn)
Potions
 e - a potion of curing
 g - a potion of heal wounds
 h - a potion of haste
 i - 2 potions of magic
 j - a potion of berserk rage
Comestibles
 f - 2 bread rations


   Skills:
 O Level 27 Fighting
 O Level 27 Axes
 O Level 27 Throwing
 O Level 27 Armour
 O Level 27 Dodging
 O Level 27 Stealth
 O Level 27 Unarmed Combat
 O Level 27 Spellcasting
 O Level 27 Invocations


You had 80 spell levels left.
You didn't know any spells.

Dungeon Overview and Level Annotations

Branches:
Dungeon (1/1)

Altars:
Makhleb


Innate Abilities, Weirdness & Mutations

You are too large for most types of armour.
You have claws for hands.
Your metabolism is lightning-fast.
You like to eat raw meat.
Your natural rate of healing is unusually fast.
You are covered in fur. (AC +1)
You have very tough skin. (AC +2)


Message History

The meat berserker dies!
You feel something staring at you. Something smites you!
* * * LOW HITPOINT WARNING * * *
You hear a shout!
The accursed is engulfed in blazing flames.
The accursed gestures at you while chanting.
Something smites you!
* * * LOW HITPOINT WARNING * * *
You feel something staring at you. Something smites you!
* * * LOW HITPOINT WARNING * * *
Unknown command.
You hear a shout!
The accursed is engulfed in blazing flames.
You hear a shout!
The tyrant mumbles some strange words.
The accursed gestures at you while chanting.
Something smites you!
You die...

################
##.......@.XX....
.......oX.L.X....
....%o##§##X#####
..M.xD§XM)......
###..oOx##X##o..
...{.oo....XW{...
..XoOo.Ox.#D#....


..ooooooL).zW.... #oLXooX))LXxO{.o. You could see 2 accurseds, a tentacled
monstrosity, a tyrant, a large bag of meat (inner flame), 5 large abominations,
2 meat berserkers, a small abomination, 11 bags of meat and a crawling corpse.

Vanquished Creatures
  Sigmund (D)
  10 hell beasts (D)
  2 greater mummies (D)
  18 vampire knights (D)
  56 ogres (D)
  5 two-headed ogres (D)
  5 liches (D)
  75 orcs (D)
  4 skeletal warriors (D)
  11 large abominations (D)
  12 small abominations (D)
  22 crawling corpses (D)
221 creatures vanquished.

Vanquished Creatures (others)
  4 ogres (D)
  2 orcs (D)
  5 crawling corpses (D)
11 creatures vanquished.

Grand Total: 232 creatures vanquished

Notes
Turn   | Place    | Note
-------+----------+-------------------------------------------
     0 | D        | Kidiri the Troll Gladiator began the quest for the Orb.
     0 | D        | Reached XP level 1. HP: 19/19 MP: 0/0
     3 | D        | Noticed a bag of meat
     4 | D        | Noticed a bag of meat
     4 | D        | Noticed a bag of meat
     5 | D        | Noticed a bag of meat
     5 | D        | Noticed a meat berserker
     6 | D        | Became a worshipper of Makhleb the Destroyer
     7 | D        | Killed a meat berserker
     7 | D        | Reached XP level 2. HP: 59/59 MP: 1/1
     7 | D        | Reached XP level 3. HP: 67/67 MP: 2/2
     7 | D        | Reached XP level 4. HP: 76/76 MP: 3/3
     7 | D        | Reached XP level 5. HP: 84/84 MP: 4/4
     7 | D        | Reached XP level 6. HP: 94/94 MP: 5/5
     7 | D        | Reached XP level 7. HP: 102/102 MP: 6/6
     7 | D        | Reached XP level 8. HP: 111/111 MP: 7/7
     7 | D        | Reached XP level 9. HP: 119/119 MP: 8/8
     7 | D        | Reached XP level 10. HP: 128/128 MP: 9/9
     7 | D        | Reached XP level 11. HP: 136/136 MP: 10/10
     7 | D        | Reached XP level 12. HP: 146/146 MP: 11/11
     7 | D        | Reached XP level 13. HP: 154/154 MP: 12/12
     8 | D        | Noticed a bag of meat
     8 | D        | Killed a bag of meat
     8 | D        | Reached * piety under Makhleb
     9 | D        | Killed a bag of meat
     9 | D        | Reached XP level 14. HP: 170/170 MP: 13/13
    10 | D        | Noticed a bag of meat
    10 | D        | Noticed a bag of meat
    11 | D        | Noticed a bag of meat
    11 | D        | Noticed a meat berserker
    11 | D        | Noticed a bag of meat
    11 | D        | Noticed a bag of meat
    11 | D        | Noticed a bag of meat
    11 | D        | Noticed a bag of meat
    12 | D        | Noticed a bag of meat
    12 | D        | Noticed a bag of meat
    12 | D        | Noticed a meat berserker
    12 | D        | Noticed a bag of meat
    12 | D        | Noticed a bag of meat
    12 | D        | Noticed a bag of meat
    12 | D        | Noticed a meat berserker
    13 | D        | Noticed a bag of meat
    13 | D        | Killed a meat berserker
    13 | D        | Reached skill level 15 in Axes
    13 | D        | Reached skill level 15 in Armour
    13 | D        | Reached XP level 15. HP: 185/185 MP: 14/14
    13 | D        | Reached ** piety under Makhleb
    14 | D        | Noticed a large bag of meat
    14 | D        | Reached XP level 16. HP: 204/204 MP: 15/15
    14 | D        | Reached *** piety under Makhleb
    15 | D        | Noticed a meat berserker
    15 | D        | Reached XP level 17. HP: 219/219 MP: 16/16
    15 | D        | Reached **** piety under Makhleb
    16 | D        | Reached skill level 27 in Fighting
    16 | D        | Reached skill level 27 in Dodging
    16 | D        | Reached XP level 18. HP: 236/236 MP: 17/17
    16 | D        | Killed a meat berserker
    16 | D        | Killed a meat berserker
    16 | D        | Reached ***** piety under Makhleb
    16 | D        | Reached XP level 19. HP: 245/245 MP: 18/18
    17 | D        | Noticed a meat berserker
    17 | D        | Reached skill level 27 in Axes
    17 | D        | Reached skill level 27 in Armour
    17 | D        | Reached skill level 5 in Throwing
    17 | D        | Reached skill level 5 in Unarmed Combat
    18 | D        | Reached skill level 10 in Invocations
    20 | D        | Noticed a meat berserker
    20 | D        | Noticed a meat berserker
    20 | D        | Killed a meat berserker
    20 | D        | Reached skill level 15 in Invocations
    20 | D        | Reached XP level 20. HP: 256/256 MP: 18/31
    21 | D        | Noticed a meat berserker
    21 | D        | Killed a large bag of meat
    21 | D        | Reached ****** piety under Makhleb
    21 | D        | Reached skill level 15 in Unarmed Combat
    21 | D        | Reached skill level 10 in Spellcasting
    22 | D        | Reached skill level 15 in Throwing
    22 | D        | Reached skill level 15 in Stealth
    22 | D        | Reached XP level 21. HP: 265/265 MP: 18/35
    23 | D        | Noticed a large bag of meat
    24 | D        | Noticed a destroyer
    25 | D        | Reached XP level 22. HP: 275/275 MP: 19/39
    26 | D        | Reached skill level 15 in Spellcasting
    26 | D        | Reached skill level 27 in Invocations
    27 | D        | Noticed a destroyer
    27 | D        | Noticed a destroyer
    27 | D        | Noticed a destroyer
    28 | D        | Noticed a destroyer
    28 | D        | Killed a destroyer
    28 | D        | Reached XP level 23. HP: 284/284 MP: 19/43
    29 | D        | Killed a destroyer
    30 | D        | Killed a destroyer
    30 | D        | Reached skill level 27 in Unarmed Combat
    30 | D        | Reached XP level 24. HP: 295/295 MP: 20/46
    32 | D        | Noticed a destroyer
    32 | D        | Noticed a destroyer
    33 | D        | Reached skill level 27 in Throwing
    33 | D        | Reached skill level 27 in Stealth
    35 | D        | Noticed a destroyer
    35 | D        | Noticed a destroyer
    35 | D        | Killed a large bag of meat
    35 | D        | Reached skill level 27 in Spellcasting
    36 | D        | Noticed a destroyer
    36 | D        | Killed a destroyer
    36 | D        | Reached XP level 25. HP: 304/304 MP: 21/53
    37 | D        | Killed a destroyer
    37 | D        | Killed a destroyer
    38 | D        | Killed a destroyer
    38 | D        | Reached XP level 26. HP: 314/314 MP: 22/53
    40 | D        | Killed a destroyer
    41 | D        | Killed a destroyer
    41 | D        | Reached XP level 27. HP: 323/323 MP: 23/53
    41 | D        | Killed a destroyer
    42 | D        | Noticed a large bag of meat
    44 | D        | Noticed a tyrant
    47 | D        | Noticed a tyrant
    49 | D        | Killed a tyrant
    52 | D        | Noticed a destroyer
    54 | D        | Noticed a tyrant
    55 | D        | Killed a large bag of meat
    57 | D        | Noticed a tyrant
    58 | D        | Noticed an accursed
    58 | D        | Noticed a destroyer
    58 | D        | Killed a tyrant
    59 | D        | Noticed a destroyer
    59 | D        | Killed a destroyer
    60 | D        | Noticed an accursed
    60 | D        | Noticed The Captor
    62 | D        | Noticed a meat beast
    62 | D        | Noticed a meat beast
    62 | D        | Killed a destroyer
    63 | D        | Killed a tyrant
    64 | D        | Noticed a tyrant
    64 | D        | Killed a destroyer
    66 | D        | Killed a meat beast
    66 | D        | Killed a meat beast
    67 | D        | Noticed a meat beast
    67 | D        | Killed an accursed
    68 | D        | Killed The Captor
    70 | D        | Killed an accursed
    71 | D        | Noticed a meat beast
    71 | D        | Noticed a meat beast
    71 | D        | Killed a tyrant
    72 | D        | Noticed a destroyer
    72 | D        | Noticed a destroyer
    72 | D        | Killed a meat beast
    73 | D        | Noticed a large bag of meat
    74 | D        | Killed a meat beast
    75 | D        | Noticed a destroyer
    75 | D        | Killed a tyrant
    76 | D        | Noticed an accursed
    77 | D        | Noticed an accursed
    77 | D        | Noticed a large bag of meat
    79 | D        | Noticed a meat beast
    79 | D        | Killed a meat beast
    79 | D        | Killed a destroyer
    80 | D        | Noticed a meat beast
    80 | D        | Noticed a destroyer
    80 | D        | Noticed an accursed
    81 | D        | Noticed a large bag of meat
    81 | D        | Killed a large bag of meat
    82 | D        | Noticed a meat beast
    82 | D        | Noticed a destroyer
    82 | D        | Noticed a dread
    83 | D        | Noticed a tyrant
    83 | D        | Noticed an accursed
    84 | D        | Noticed a dread
    84 | D        | Killed a destroyer
    84 | D        | Killed a destroyer
    85 | D        | Killed a meat beast
    86 | D        | Noticed a large bag of meat
    87 | D        | Killed a meat beast
    88 | D        | Killed a meat beast
    88 | D        | Killed a destroyer
    89 | D        | Noticed a meat beast
    89 | D        | HP: 14/321 [meat berserker/+9 battleaxe (24)]
    90 | D        | Noticed an accursed
    90 | D        | Noticed a tyrant
    90 | D        | Noticed a tyrant
    90 | D        | Noticed a destroyer
    91 | D        | Noticed a meat beast
    93 | D        | Noticed a tyrant
    93 | D        | Killed a destroyer
    95 | D        | Killed a meat beast
    96 | D        | Noticed a tyrant
    96 | D        | Killed a meat beast
   100 | D        | HP: 14/321 [??? (11)]
   103 | D        | Noticed an accursed
   103 | D        | Killed a large bag of meat
   105 | D        | Killed from afar by an accursed

Vault maps used:
D:        meatsprint

Skill      XL: |  1  2  3  4  5  6  7  8  9 10 11 12 13 14 15 16 17 18 19 20 21 22 23 24 |
---------------+-------------------------------------------------------------------------+-----
Fighting       | 16 18 20 23 25 27 | 27.0
Axes           | 12 14 15 17 18 21 25 27 | 27.0
Armour         | 12 13 15 17 18 20 25 27 | 27.0
Dodging        | 16 19 20 23 25 27 | 27.0
Throwing       | 11 15 19 23 26 27 | 27.0
Stealth        | 11 15 18 23 26 27 | 27.0
Unarmed Combat | 12 16 20 24 27 | 27.0
Spellcasting   | 8 11 14 17 20 27 | 27.0
Invocations    | 15 20 24 27 | 27.0

Action                   |  1- 3 |  4- 6 |  7- 9 | 10-12 | 13-15 | 16-18 | 19-21 | 22-24 | 25-27 || total
-------------------------+-------+-------+-------+-------+-------+-------+-------+-------+-------++-------
Melee: Executioner's axe |     1 |       |       |       |     4 |     2 |     8 |     9 |    58 ||    82
  Use: Scroll            |       |       |       |       |       |       |       |       |     1 ||     1
Armor: Robe              |       |       |       |       |       |       |       |       |     1 ||     1
Dodge: Dodged            |       |       |       |       |       |     1 |       |       |     4 ||     5
